 Dungeon Crawl Stone Soup version 0.28-a0-1429-gf3d713df7a (webtiles) character file.

Game seed: 1611488005680785053

1546 southernslant the Skirmisher (level 8, -5/49 HPs)
             Began as a Gargoyle Cinder Acolyte on Jan 9, 2022.
             Was a High Priest of Ignis.
             Slain by a troll (10 damage)
             ... on level 6 of the Dungeon.
             The game lasted 00:22:50 (8726 turns).

southernslant the Skirmisher (GrCA)                 Turns: 8726, Time: 00:22:51

Health: -5/49      AC:  9    Str: 18    XL:     8   Next: 87%
Magic:  14/14      EV: 11    Int: 21    God:    Ignis [*****.]
Gold:   230        SH:  4    Dex:  7    Spells: 13/15 levels left

rFire   + . .      SeeInvis .   y - +3 flail (vorpal)
rCold   . . .      Faith    .   g - +0 buckler
rNeg    + . .      Spirit   .   w - +0 leather armour
rPois   ∞          Reflect  .   (no helmet)
rElec   +          Harm     .   (no cloak)
rCorr   +          Rampage  .   (no gloves)
Will    .....                   (no boots)
Stlth   +.........              (no amulet)
HPRegen 0.16/turn               h - +6 ring of intelligence
MPRegen 0.14/turn               p - ring of resist corrosion

@: no status effects
A: sickness immunity, AC +5, negative energy resistance 1, electricity
resistance, torment resistance 1, petrification resistance
a: Renounce Religion, Fiery Armour, Foxfire Swarm, Rising Flame


You were on level 6 of the Dungeon.
You worshipped Ignis.
Ignis was extremely pleased with you.
You visited 1 branch of the dungeon, and saw 6 of its levels.

You collected 230 gold pieces.

Inventory:

Hand Weapons
 a - a -1 spear of flaming
 m - a +0 trident
 o - a +0 spear
 v - a +2 flail of draining
 y - a +3 vorpal flail (weapon)
Missiles
 e - 96 stones
 l - 4 boomerangs
 z - 10 poisoned darts (quivered)
Armour
 g - a +0 buckler (worn)
 t - a +0 ring mail
 w - a +0 leather armour (worn)
Jewellery
 d - a ring of protection from fire
 h - a +6 ring of intelligence (left hand)
 p - a ring of resist corrosion (right hand)
Wands
 n - a wand of polymorph (11)
 A - a wand of digging (9)
Scrolls
 f - 3 scrolls of identify
 i - a scroll of amnesia {unknown}
 j - 2 scrolls of fog {unknown}
 k - a scroll of teleportation
 s - 2 scrolls of enchant armour {unknown}
 u - a scroll of magic mapping {unknown}
 B - a scroll of blinking {unknown}
Potions
 c - a potion of might
 q - a potion of lignification
 x - a potion of curing {unknown}
 C - a potion of heal wounds {unknown}


   Skills:
 * Level 5.2 Fighting
 * Level 2.0 Maces & Flails
 - Level 3.7 Polearms
 + Level 2.6 Throwing
 + Level 3.4 Armour
 * Level 2.8 Dodging
 + Level 4.0 Shields
 * Level 4.0 Spellcasting
 - Level 3.8 Fire Magic
 + Level 3.1 Invocations


You had 13 spell levels left.
You knew the following spells:

 Your Spells              Type           Power      Damage    Failure   Level
a - Scorch                Fire           40%        2d7       6%          2

Your spell library contained the following spells:

 Spells                   Type           Power      Damage    Failure   Level
 Sandblast                Erth           8%         2d5       19%         1
 Passwall                 Tmut/Erth      3%         N/A       28%         2
 Stone Arrow              Conj/Erth      8%         3d7       50%         3


Dungeon Overview and Level Annotations

Branches:
Dungeon (6/15)
 Temple: D:4-7

Altars:


Innate Abilities, Weirdness & Mutations

You are immune to sickness and miasma.
Your stone body is resilient. (AC +5)
You are immune to poison.
You resist negative energy. (rN+)
You are resistant to electric shocks. (rElec)
You are resistant to unholy torment.
You are immune to petrification.


Message History

The gnoll hits you from afar with a +0 halberd!
You completely miss the adder.
You kill the gnoll!
You block the adder's attack. The adder bites you.
Your Maces & Flails skill increases to level 2!
You barely miss the adder. The adder bites you but does no damage.
You closely miss the adder. The adder closely misses you.
The adder bites you but does no damage.
You barely miss the adder. The adder bites you but does no damage.
The adder barely misses you.
You completely miss the adder. The adder bites you. x2
You hit the adder.
The adder is heavily wounded.
The adder bites you but does no damage.
You miss the adder.
The adder is heavily wounded.
The adder closely misses you. The adder bites you but does no damage.
You miss the adder.
The adder is heavily wounded.
The adder bites you. The adder closely misses you.
You barely miss the adder.
The adder is heavily wounded.
The adder bites you but does no damage. The adder barely misses you.
You hit the adder.
The adder is almost dead.
The adder barely misses you.
You thump the adder!
You kill the adder!
You sock the troll!
The troll is heavily wounded.
The troll bites you but does no damage. The troll claws you!
The troll claws you but does no damage. The troll barely misses you.
The troll claws you! The troll claws you.
* * * LOW HITPOINT WARNING * * *
You hit the troll.
The troll is severely wounded.
The troll bites you!
* * * LOW HITPOINT WARNING * * *
The troll barely misses you. The troll claws you!
You die...

#.###..#..#..#..# #) ##
#..##.###.#.###.## #. .##
##....# #...# #..## #. ..####
#...## ##.## ##..###. .....##
#.#.# #.# #...... .###..##
#.### #########...## .#
##..### #.# #......###.... .#
##...####.######..#.#.......<
.#
#...........@T........#.#####
.# #.###.###.####)..######.#
# .# #.###.###.# #....#
#..##### .#
#..##.....###.#..# #.###...
.# ##.######.#......#
#.##..## .# #...# #.....##.##
#....## ## ###.#####...###.T#
#..#### #
######..##.....####......# #
#....#...........##..#..##


You could see a troll.

Vanquished Creatures
  Edmund (D:5)
  A black bear (D:5)
  3 ogres (D:5)
  A kobold brigand (D:6)
  A wyvern zombie (D:5)
  2 scorpions
  An electric eel (D:6)
  3 bullfrog zombies
  4 hounds
  An orc priest (D:5)
  2 jellies (D:6)
  Natasha (thrice) (D:4)
  4 iguanas
  An orc wizard (D:3)
  A hound skeleton (D:4)
  8 gnolls
  10 adders
  An ufetubus (D:4)
  An adder zombie (D:5)
  A worm (D:3)
  3 dart slugs
  10 orcs
  7 ball pythons
  8 endoplasms
  4 giant cockroaches
  4 goblins
  A hobgoblin (D:4)
  11 jackals
  15 kobolds
  2 quokkas (D:3)
  7 bats
  4 frilled lizards
  2 rats
128 creatures vanquished.

Vanquished Creatures (others)
  A plant (D:6)
1 creature vanquished.

Grand Total: 129 creatures vanquished

Notes
Turn   | Place    | Note
-------+----------+-------------------------------------------
     0 | D:1      | southernslant the Gargoyle Cinder Acolyte began the quest
                  | for the Orb.
     0 | D:1      | Reached XP level 1. HP: 14/14 MP: 2/2
   437 | D:1      | Reached XP level 2. HP: 19/19 MP: 3/3
   441 | D:1      | Learned a level 2 spell: Scorch
   532 | D:1      | Found a faded altar of an unknown god.
  1185 | D:1      | Reached XP level 3. HP: 15/23 MP: 5/5
  2182 | D:2      | Reached skill level 1 in Dodging
  2344 | D:2      | Reached skill level 1 in Armour
  2664 | D:3      | Reached XP level 4. HP: 26/28 MP: 6/6
  2708 | D:3      | Reached skill level 1 in Invocations
  2889 | D:3      | Reached XP level 5. HP: 32/32 MP: 7/7
  3485 | D:3      | Reached skill level 1 in Shields
  3494 | D:3      | Reached skill level 1 in Throwing
  3845 | D:4      | Reached XP level 6. HP: 30/38 MP: 9/9
  4574 | D:4      | Noticed Natasha
  4596 | D:4      | Killed Natasha
  4701 | D:4      | Reached skill level 4 in Fighting
  4977 | D:4      | Noticed Natasha
  4993 | D:4      | Killed Natasha
  5244 | D:4      | Reached XP level 7. HP: 35/43 MP: 3/11
  5317 | D:4      | Noticed Natasha
  5364 | D:4      | Killed Natasha
  5541 | D:5      | Entered Level 5 of the Dungeon
  6373 | D:5      | Reached XP level 8. HP: 29/48 MP: 4/12
  7437 | D:6      | Noticed Edmund
  7548 | D:5      | Reached skill level 1 in Maces & Flails
  7564 | D:5      | Killed Edmund
  7565 | D:5      | Reached skill level 5 in Fighting
  8704 | D:6      | Noticed a troll
  8726 | D:6      | Slain by a troll

Illustrated notes

Levels and vault maps discovered:
D:1:      minmay_arrival_open_corners, layout_loops_ring,
          shapermc_ecumenical_altar_flowoftime, chequers_serial_rivers_micro_c,
          roderic_nine_men_s_morris, minmay_quantized
D:2:      minmay_alternating_diamond, layout_loops_ring, lightli_corner_chamber
D:3:      layout_rooms, cheibrodos_gnoll_hut
D:4:      layout_basic, uniq_natasha
D:5:      layout_basic
D:6:      layout_rooms, serial_curves, eino_curves_03, eino_curves_04,
          eino_curves_03, eino_curves_03, serial_bayou_pond_b, abandoned_shop,
          uniq_edmund

Skill      XL: |  1  2  3  4  5  6  7  8 |
---------------+-------------------------+-----
Dodging        | 1 2 |  2.8
Armour         | 1 2 3 |  3.4
Invocations    | 1 2 3 |  3.1
Spellcasting   | 2 3 4 |  4.0
Polearms       | 3 |  3.7
Shields        | 1 2 3 4 |  4.0
Throwing       | 1 2 |  2.6
Fighting       | 4 5 |  5.2
Maces & Flails | 2 |  2.0
Fire Magic     | |  3.8

Action                   |  1- 3 |  4- 6 |  7- 9 || total
-------------------------+-------+-------+-------++-------
Melee: Spear             |   127 |   204 |    93 ||   424
       Flail             |       |       |    73 ||    73
Throw: Stone             |    22 |     7 |       ||    29
       Boomerang         |       |    23 |    19 ||    42
       Dart              |       |       |     7 ||     7
 Cast: Scorch            |     5 |    21 |    38 ||    64
Invok: Fiery Armour      |       |     2 |     1 ||     3
  Use: Potion            |       |     4 |       ||     4
       Scroll            |       |       |     4 ||     4
Armor: Robe              |    37 |    66 |    44 ||   147
       Skin              |       |     1 |       ||     1
       Ring mail         |       |       |    12 ||    12
       Leather armour    |       |       |    10 ||    10
Dodge: Dodged            |    57 |   100 |    99 ||   256
Block: Buckler           |     3 |    21 |    26 ||    50

Table legend: (Time is in decaauts)
 A = Elapsed time spent in this place.
 B = Non-inter-level travel time spent in this place.
 C = Inter-level travel time spent in this place.
 D = Time resting spent in this place.
 E = Time spent auto-exploring this place.
 F = Levels seen in this place.
 G = Mean time per level.
                   A        B        C        D        E       F      G
               +--------+--------+--------+--------+--------+-----+--------+
         Total |   8788 |   8690 |     98 |      0 |   7253 |   6 | 1464.7 |
       Dungeon |   8788 |   8690 |     98 |      0 |   7253 |   6 | 1464.7 |
               +--------+--------+--------+--------+--------+-----+--------+

Top non-repeatable levels by time:
     D:5: 2436 daAuts
     D:4: 1851 daAuts
     D:1: 1631 daAuts
     D:3: 1137 daAuts
     D:2: 1022 daAuts
     D:6: 710 daAuts
